Unix NetHack Version 5.0.0-0 post-release - last build Jul 19 2026 19:10:59 (3aa4ab31751d3886436d94b585a96704892fd477,branch:main).

Game began 2026-07-21 19:00:06, ended 2026-07-21 19:32:32.

Eymerich, chaotic male elven Priest

                                         ----------.-               ----------
                                         |..........|              #.........|
                                         |..........|              #|........|
                ------------#            |.......{.<-#             #|........|
                |...(.......#            -----.------#             #------.---
                -..........|#               ###      #             #      #
                |..........|###             #        #             #      #
                |..........|# #####         #        #             #      #
                ------------############### #        ##            #      #
                                   ##-----.-|----     #           "#      ##
                                    #|.....%..S@|     #           #        #
                                    #e.....e..d.|     # ----------#        #
                                     |..........|     ##.........|#       -|--
                                     |>.........|       |.........#       |..|
                                     |..........|       |........|        |(.|
                                     ------------       |........|        |..|
                                              ##########....{....|        |..|
                                                        ----------        ----

Eymerich the Acolyte         St:12 Dx:13 Co:12 In:11 Wi:16 Ch:11  Chaotic
Dlvl:3  $:34 HP:0(34) Pw:32(32) AC:5  Xp:4 T:1596 

Latest messages:
 The orange gem named soft hits the floating eye.
 You hear water falling on coins.
 p - 2 darts (at the ready).
 L - 3 rocks.
 In what direction?
 The dart misses the floating eye.
 In what direction?
 The dart hits the floating eye.
 What do you want to ready? [$aL or ?*]
 L - 3 rocks (in quiver pouch).
 In what direction?
 The rock hits the floating eye.
 In what direction?
 The rock hits the floating eye.
 In what direction?
 The rock misses the floating eye.
 You begin bashing monsters with your sling.
 You hit the floating eye.
 You are frozen by the floating eye's gaze!
 The garter snake bites!
 The jackal bites!
 The garter snake bites!
 The jackal bites!
 The jackal bites!
 The jackal bites!
 The jackal bites!
 The garter snake bites!
 The jackal bites!
 The jackal bites!
 The garter snake bites!
 The jackal bites!
 The garter snake bites!
 The jackal bites!
 The garter snake bites!
 The jackal bites!
 The jackal bites!
 The jackal bites!
 The garter snake bites!
 The jackal bites!
 The garter snake bites!
 The jackal bites!
 The jackal bites!
 The jackal bites!
 The jackal bites!
 The jackal misses!
 The jackal bites!
 The garter snake bites!
 The jackal bites!
 You die...
 Do you want your possessions identified? [ynq] (y)

Inventory:
 Coins    ('$')
  $ - 34 gold pieces
 Weapons  (')')
  K - a +0 sling (weapon in right hand)
  a - a blessed +1 mace (alternate weapon; not wielded)
 Armor    ('[')
  b - a blessed +0 robe (being worn)
  y - a blessed +1 leather armor (being worn)
 Comestibles  ('%')
  e - a clove of garlic
  m - a food ration
  f - a sprig of wolfsbane
  v - a lichen corpse
 Scrolls  ('?')
  l - a scroll of confuse monster
  k - a scroll of gold detection
  s - a scroll of magic mapping
 Spellbooks  ('+')
  g - a spellbook of detect monsters
  h - a spellbook of protection
 Potions  ('!')
  u - a potion of booze
  r - a potion of oil
  d - 4 potions of holy water
 Wands    ('/')
  n - a wand of digging (0:6)
 Tools    ('(')
  E - an empty sack
  i - a leather drum
  H - a skeleton key

Eymerich the Priest's attributes:

Background:
 You were an Acolyte, a level 4 elven Priest.
 You were chaotic, on a mission for Manannan Mac Lir
 who was opposed by Lugh (lawful) and Brigit (neutral).
 You were right-handed.
 You were in the Dungeons of Doom, on level 3.
 You entered the dungeon 1596 turns ago.
 You had 121 experience points, 39 more were needed to attain level 5.

Basics:
 You had 0 out of 34 hit points.
 You had all 32 energy points (spell power).
 Your armor class was 5.
 Your wallet contained 34 zorkmids.
 Autopickup was off.

Final Characteristics:
 Your strength was 12 (limit:18).
 Your dexterity was 13 (limit:18).
 Your constitution was 12 (limit:16).
 Your intelligence was 11 (limit:20).
 Your wisdom was 16 (limit:20).
 Your charisma was 11 (limit:18).

Final Status:
 You weren't hungry.
 You were unencumbered.
 You were wielding a sling.
 You were unskilled in sling.

Final Attributes:
 You were devoutly aligned.
 You were sleep resistant.
 You had infravision.
 You were guarded.
 Your spell casting was enhanced by wearing a robe.
 You are dead.

Miscellaneous:
 You didn't encounter any bones levels.
 Total elapsed playing time was 32 minutes and 25 seconds.

Major events:
 Turn
    1: Eymerich the chaotic elven Priest entered the dungeon
  797: attained the rank of Acolyte (level 3)
 1596: killed by a jackal, while frozen by a floating eye's gaze

Spells:
 Name                 Level Category     Fail Retention
 detect monsters        1   divination     0%  76%-100%
 protection             1   clerical       0%  91%-100%

Skills:
 Fighting Skills
   bare handed combat [Unskilled]
 Weapon Skills
   club               [Unskilled]
   mace               [Basic]
   morning star       [Unskilled]
   flail              [Unskilled]
   hammer             [Unskilled]
   quarterstaff       [Unskilled]
   polearms           [Unskilled]
   spear              [Unskilled]
   trident            [Unskilled]
   lance              [Unskilled]
   bow                [Unskilled]
   sling              [Unskilled]
   crossbow           [Unskilled]
   dart               [Unskilled]
   shuriken           [Unskilled]
   boomerang          [Unskilled]
   unicorn horn       [Unskilled]
 Spellcasting Skills
   healing spells     [Unskilled]
   divination spells  [Unskilled]
   clerical spells    [Basic]

Voluntary challenges:
 Character rerolling was not enabled.
 You were illiterate.
 You never genocided any monsters.
 You never polymorphed an object.
 You never changed form.
 You used no wishes.
Achievements:
 You entered a shop.
 You attained the rank of Acolyte.

 The Dungeons of Doom: levels 1 to 4
    Level 1:
       An altar, a fountain, a grave.
    Level 2:
       An armor shop.
    Level 3: <- You were here.
       A tool shop, some fountains.
       Final resting place for
          you, killed by a jackal, while frozen by a floating eye's gaze.
    Level 4:
       A fountain.


Vanquished creatures:
  a small mimic
  a kitten
 an iguana
  a hobbit
  a large kobold
  a cave spider
  a brown mold
  a red mold
  a garter snake
  a gecko
  2 jackals
  2 foxes
  2 kobolds
  2 sewer rats
  7 grid bugs
  a bat
  4 lichens
  3 newts
33 creatures vanquished.

No species were genocided or became extinct.

Game over:
                       ----------
                      /          \
                     /    REST    \
                    /      IN      \
                   /     PEACE      \
                  /                  \
                  |     Eymerich     |
                  |      34 Au       |
                  |   killed by a    |
                  |      jackal      |
                  |                  |
                  |                  |
                  |       2026       |
                 *|     *  *  *      | *
        _________)/\\_//(\/(/\)/\//\/|_)_______

Goodbye Eymerich the Priest...

You died in The Dungeons of Doom on dungeon level 3 with 675 points,
and 34 pieces of gold, after 1596 moves.
You were level 4 with a maximum of 34 hit points when you died.

